 Dungeon Crawl Stone Soup version 0.19.4-8-ga85b6b9 (webtiles) character file.

15344 Naow the Covert (level 12, 0/50 HPs)
             Began as a Felid Enchanter on Feb 15, 2017.
             Was an Elder of Ashenzari.
             Slain by a blink frog (6 damage)
             ... on level 4 of the Lair of Beasts.
             The game lasted 00:41:15 (20317 turns).

Naow the Covert (Felid Enchanter)                  Turns: 20317, Time: 00:41:15

Health: 0/50       AC:  3    Str:  4    XL:     12   Next: 0%
Magic:  21/25      EV: 21    Int: 24    God:    Ashenzari [****..]
Gold:   883        SH:  0    Dex: 18    Spells: 7 memorised, 8 levels left
                                        Lives:  0   Deaths: 3

rFire  . . .     SeeInvis +       - Unarmed
rCold  + + .     Gourm    .     (armour unavailable)
rNeg   . . .     Faith    .     (shield unavailable)
rPois  .         Spirit   .     (helmet unavailable)
rElec  .         Reflect  .     (cloak unavailable)
rCorr  .         Harm     .     (gloves unavailable)
MR     +....     Clarity  +     (boots unavailable)
Stlth  ++++++....               d - amulet of magic regeneration (curse)
                                (no ring)
                                (no ring)

@: repel missiles, quick
A: no armour, no weapons or thrown items, stealth, claws 1, fangs 3, see
invisible, agile 1, carnivore 3, clever 1, cold resistance 1, speed 1, shaggy
fur 3, slow metabolism 1, sharp paws
a: Curse Item, Scrying, Renounce Religion


You were on level 4 of the Lair of Beasts.
You worshipped Ashenzari.
Ashenzari was greatly pleased with you.
You were completely stuffed.

You visited 3 branches of the dungeon, and saw 16 of its levels.
You also visited: Bailey.

You collected 883 gold pieces.

Inventory:

Jewellery
 d - a cursed amulet of magic regeneration (around neck)
 k - an uncursed ring of flight
 o - a cursed amulet of inaccuracy
 T - an uncursed ring of protection from fire
Wands
 u - a wand of paralysis (15/24)
 w - a wand of slowing (17/48)
 E - a wand of disintegration (4/24)
 J - a wand of iceblast (8/15)
 M - a wand of lightning (8/15)
 N - a wand of confusion (6/48)
 O - a wand of digging (11/24)
 Q - a wand of polymorph (2/24)
 R - a wand of iceblast (9/15)
 V - a wand of slowing (36/48)
Scrolls
 c - 4 scrolls of enchant weapon {unknown}
 e - 5 scrolls of remove curse
 f - 10 scrolls of identify {unknown}
 g - 3 scrolls of enchant armour {unknown}
 l - 4 scrolls of teleportation {unknown}
 q - 2 scrolls of noise {unknown}
 y - 2 scrolls of immolation {unknown}
 D - 2 scrolls of amnesia {unknown}
 F - 2 scrolls of random uselessness {unknown}
 G - a scroll of recharging {unknown}
 H - a scroll of silence {unknown}
 I - a scroll of holy word {unknown}
 S - a scroll of fear {unknown}
 U - a scroll of summoning {unknown}
Potions
 h - 2 potions of mutation
 i - a potion of beneficial mutation {unknown}
 j - 2 potions of haste
 m - a potion of lignification {unknown}
 r - 3 potions of invisibility
 s - 3 potions of flight {unknown}
 t - 5 potions of might
 x - 4 potions of agility {unknown}
 A - 2 potions of brilliance
 B - a potion of cancellation {unknown}
 C - 2 potions of resistance {unknown}
 K - 2 potions of heal wounds {unknown}
 L - a potion of curing
Books
 a - a book of Maledictions

   Spells                             Type                      Level
   a - Corona                         Hexes                        1
   b - Ensorcelled Hibernation        Hexes/Ice                    2
   c - Confuse                        Hexes                        3
   d - Tukima's Dance                 Hexes                        3
   e - Dazzling Spray                 Conjuration/Hexes            3
 p - a book of Air

   Spells                             Type                      Level
   a - Shock                          Conjuration/Air              1
   b - Swiftness                      Charms/Air                   2
   c - Repel Missiles                 Charms/Air                   2
   d - Static Discharge               Conjuration/Air              3
   e - Lightning Bolt                 Conjuration/Air              5
 P - a book of Conjurations

   Spells                             Type                      Level
   a - Magic Dart                     Conjuration                  1
   b - Searing Ray                    Conjuration                  2
   c - Dazzling Spray                 Conjuration/Hexes            3
   d - Fulminant Prism                Conjuration/Hexes            4
   e - Iskenderun's Mystic Blast      Conjuration                  4
   f - Iskenderun's Battlesphere      Conjuration/Charms           5
Comestibles
 b - 7 meat rations
 n - 4 royal jellies
 v - 4 slices of pizza
 z - a beef jerky
 W - 3 chunks of flesh


   Skills:
 - Level 4.4 Fighting
 + Level 5.2 Dodging
 - Level 14.0 Stealth
 * Level 12.6 Unarmed Combat
 + Level 8.3 Spellcasting
 + Level 5.0 Conjurations
 - Level 8.5 Hexes
 - Level 1.9 Ice Magic


You had 8 spell levels left.
You knew the following spells:

 Your Spells              Type           Power        Failure   Level  Hunger
a - Corona                Hex            ######.      1%          1    None
b - Ensorcelled Hibernat  Hex/Ice        #####.       1%          2    None
c - Confuse               Hex            ######..     1%          3    None
d - Repel Missiles        Chrm/Air       ##....       12%         2    None
e - Tukima's Dance        Hex            ######..     1%          3    None
f - Fulminant Prism       Conj/Hex       #####.....   4%          4    ##.....
g - Iskenderun's Mystic   Conj           ####....     10%         4    ##.....


Dungeon Overview and Level Annotations

Branches:
Dungeon (11/15)            Temple (1/1) D:5            Lair (4/6) D:8
  Swamp: Lair:2-4    Shoals: Lair:2-4     Snake: Lair:2-4    Spider: Lair:2-4
    Orc: D:9-12

Altars:
Ashenzari
Cheibriados
Dithmenos
Elyvilon
Fedhas
Gozag
Hepliaklqana
Kikubaaqudgha
Makhleb
Nemelex Xobeh
Okawaru
Qazlal
Ru
Sif Muna
Trog
Uskayaw
Vehumet
Xom
Yredelemnul
Zin
The Shining One

Shops:
D:9 [

Annotations:
D:7 sheala's ghost, novice HOFE
Lair:3 Gastronok


Innate Abilities, Weirdness & Mutations

You cannot wear armour.
You are incapable of wielding weapons or throwing items.
Your paws allow you to move quietly. (Stealth)
You have sharp claws.
You have razor-sharp teeth.
You have supernaturally acute eyesight. (SInv)
You are carnivorous and can eat meat at any time.
You cover ground quickly.
Your thick and shaggy fur keeps you warm. (AC +3, rC+)
You have a slow metabolism.
Your sharp claws are effective at attacking unaware monsters.
You are agile. (Dex +2)
Your mind is acute. (Int +2)
Your flesh is cold resistant. (rC+)


Message History

The blink frog hits you.
Casting: Ensorcelled Hibernation
Confirm with . or Enter, or press ? or * to list all spells.
Aiming: Ensorcelled Hibernation
Press: ? - help, Shift-Dir - straight line, f - blink frog
Aim: a blink frog (chance to defeat MR: 46%)
The blink frog resists with some effort.
The blink frog hits you!
* * * LOW HITPOINT WARNING * * *
Found a stone staircase leading down.
The blink frog completely misses you.
The blink frog blinks!
Casting: Ensorcelled Hibernation
Confirm with . or Enter, or press ? or * to list all spells.
Aiming: Ensorcelled Hibernation
Press: ? - help, Shift-Dir - straight line, f/p - blink frog
Aim: a blink frog (chance to defeat MR: 46%)
The blink frog resists with some effort.
The blink frog hits you.
You die...

,...#........#
>..........P#
............## ,
##.......†...#
...........#.##### #
............#.##.#######
P.......................
* *
###....F................
, #....@.F....#.........
, ,
##.................... ,
#.................... ,
#....................
#..................... ,
##.##...........P.##.. ,
, ## ###........#######
, #........# , ##<.....#


You could see 2 blink frogs.

Vanquished Creatures
  2 hydras
  Erolcha (D:9)
  Nergalle (Lair:4)
  A hill giant (D:10)
  An unseen horror (D:10)
  A manticore (D:11)
  A black mamba (Lair:4)
  4 spiny frogs
  A komodo dragon (Lair:2)
  4 trolls
  6 blink frogs
  5 hippogriffs
  Eustachio (D:5)
  2 wyverns
  25 yaks
  A basilisk (Lair:4)
  A hungry ghost (D:11)
  Edmund (D:5)
  A porcupine (Lair:1)
  5 water moccasins
  2 orc warriors
  A hornet zombie (D:11)
  3 black bears
  5 ice beasts
  A phantom (D:9)
  3 sky beasts
  5 ogres
  2 necrophages
  4 wolves
  5 centaurs
  6 crocodiles
  A big kobold (D:9)
  9 bullfrogs
  5 scorpions
  14 killer bees
  11 wights
  3 howler monkeys
  2 bullfrog zombies
  2 crimson imps
  3 quasits
  2 bullfrog skeletons
  4 hounds
  4 jellies
  A gnoll shaman (D:9)
  2 orc priests
  A centaur skeleton (D:8)
  2 iguanas
  9 worker ants
  5 orc wizards
  A hound zombie (D:7)
  2 hound skeletons
  15 gnolls
  12 adders
  6 shadow imps
  An adder zombie (D:8)
  2 adder skeletons
  A worm (D:4)
  A dart slug (D:3)
  5 leopard geckos
  19 orcs
  A ball python (D:1)
  3 giant cockroaches
  5 goblins
  6 hobgoblins
  11 jackals
  19 kobolds
  2 quokkas
  7 bats
  5 frilled lizards
  A giant cockroach zombie (D:5)
  A jackal zombie (D:6)
  A quokka skeleton (D:4)
  10 rats
  3 fungi
322 creatures vanquished.

Vanquished Creatures (others)
  A fulminant prism (Lair:1)
  5 fungi
  5 plants
11 creatures vanquished.

Grand Total: 333 creatures vanquished

Notes
Turn   | Place    | Note
-------+----------+-------------------------------------------
     0 | D:1      | Naow the Felid Enchanter began the quest for the Orb.
     0 | D:1      | Reached XP level 1. HP: 7/7 MP: 4/4
   609 | D:1      | Reached XP level 2. HP: 9/11 MP: 6/6
   613 | D:1      | Learned a level 2 spell: Ensorcelled Hibernation
  1340 | D:2      | Reached XP level 3. HP: 14/14 MP: 7/7
  1441 | D:2      | Reached skill level 5 in Stealth
  1812 | D:2      | Learned a level 3 spell: Confuse
  2214 | D:2      | Reached XP level 4. HP: 16/18 MP: 2/8
  3136 | D:3      | Reached skill level 5 in Hexes
  3136 | D:3      | Reached skill level 1 in Ice Magic
  3563 | D:3      | Found a shadowy altar of Dithmenos.
  3634 | D:4      | Noticed an ogre
  3657 | D:4      | Killed an ogre
  3657 | D:4      | Reached skill level 6 in Stealth
  3657 | D:4      | Reached XP level 5. HP: 21/21 MP: 2/10
  3810 | D:4      | Gained mutation: You are covered in thick fur. (AC +2) [Felid growth]
  3810 | D:4      | Reached XP level 6. HP: 25/25 MP: 11/11
  4552 | D:4      | Reached skill level 7 in Stealth
  5327 | D:4      | Reached XP level 7. HP: 13/28 MP: 12/12
  5808 | D:5      | Entered Level 5 of the Dungeon
  5819 | D:5      | Found a staircase to the Ecumenical Temple.
  5829 | Temple   | Entered the Ecumenical Temple
  6120 | Temple   | Became a worshipper of Ashenzari the Shackled
  6376 | D:5      | Noticed Edmund
  6415 | D:5      | Killed Edmund
  6594 | D:5      | Noticed Eustachio
  6611 | D:5      | Killed Eustachio
  6611 | D:5      | Reached skill level 8 in Stealth
  6776 | D:5      | Found a glowing silver altar of Zin.
  6803 | D:5      | Reached XP level 8. HP: 31/31 MP: 15/15
  8335 | D:6      | Reached * piety under Ashenzari
  8351 | D:6      | Reached skill level 9 in Stealth
  8355 | D:6      | Reached skill level 5 in Unarmed Combat
  9141 | D:6      | Reached skill level 5 in Spellcasting
  9537 | D:7      | HP: 1/31 [poisoned by a gnoll sergeant]
  9540 | D:7      | Succumbed to a gnoll sergeant's poison
  9541 | D:7      | Reached XP level 7. HP: 0/28 MP: 10/15
  9569 | D:7      | Reached XP level 8. HP: 25/31 MP: 13/16
  9598 | D:7      | Reached skill level 10 in Stealth
  9761 | D:7      | Noticed sheala's ghost (novice HOFE)
  9858 | D:8      | Noticed a troll
  9881 | D:8      | Killed a troll
  9881 | D:8      | Reached XP level 9. HP: 28/34 MP: 3/18
 10025 | D:8      | Found a staircase to the Lair.
 10249 | D:8      | Reached skill level 11 in Stealth
 10275 | D:8      | Found an iron altar of Okawaru.
 10809 | D:9      | Noticed a troll
 10811 | D:9      | Killed a troll
 11043 | D:9      | Reached ** piety under Ashenzari
 11301 | D:9      | Noticed Erolcha
 11305 | D:9      | Killed Erolcha
 11305 | D:9      | Reached XP level 10. HP: 38/38 MP: 18/21
 11433 | D:9      | Reached skill level 12 in Stealth
 11521 | D:9      | Found Popuin's Armour Emporium.
 11714 | D:10     | Entered Level 10 of the Dungeon
 11956 | D:10     | Learned a level 2 spell: Repel Missiles
 11960 | D:10     | Learned a level 3 spell: Tukima's Dance
 11964 | D:10     | Found a flagged portal.
 11979 | Bailey   | Entered a bailey
 11979 | Bailey   | Noticed flsc's ghost (novice MiBe)
 11986 | Bailey   | Demolished by flsc's ghost
 11987 | Bailey   | Reached XP level 9. HP: -18/34 MP: 19/21
 12022 | Bailey   | Mangled by an orc warrior
 12023 | Bailey   | Reached XP level 8. HP: -8/31 MP: 16/20
 12210 | D:10     | Noticed an unseen horror
 12217 | D:10     | Killed an unseen horror
 12217 | D:10     | Reached skill level 10 in Unarmed Combat
 12222 | D:10     | Noticed a troll
 12227 | D:10     | Killed a troll
 12227 | D:10     | Reached XP level 9. HP: 34/34 MP: 21/21
 12345 | D:10     | Noticed a hill giant
 12352 | D:10     | Killed a hill giant
 12615 | D:10     | Gained mutation: You are agile. (Dex +2) [potion of mutation]
 12615 | D:10     | Gained mutation: Your flesh is cold resistant. (rC+) [potion of mutation]
 12615 | D:10     | Gained mutation: Your mind is acute. (Int +2) [potion of mutation]
 13121 | D:10     | Learned a level 4 spell: Fulminant Prism
 13276 | D:11     | Reached skill level 1 in Fighting
 13284 | D:11     | Noticed a red ugly thing
 14048 | D:11     | Noticed a troll
 14048 | D:11     | Noticed a manticore
 14051 | D:11     | Noticed a white ugly thing
 14068 | D:11     | Reached skill level 1 in Conjurations
 14071 | D:11     | Killed a manticore
 14071 | D:11     | Reached XP level 10. HP: 37/39 MP: 17/22
 14083 | D:11     | Reached skill level 13 in Stealth
 14479 | D:11     | Noticed a red ugly thing
 15282 | Lair:1   | Entered Level 1 of the Lair of Beasts
 15431 | Lair:1   | Noticed a spiny frog
 15441 | Lair:1   | Killed a spiny frog
 15921 | Lair:1   | Reached *** piety under Ashenzari
 16268 | Lair:1   | Noticed a seven-headed hydra
 16280 | Lair:1   | HP: 1/42 [seven-headed hydra (2)]
 16299 | Lair:1   | Killed a seven-headed hydra
 17360 | Lair:1   | Reached XP level 11. HP: 34/45 MP: 15/23
 18077 | Lair:2   | Noticed an eight-headed hydra
 18132 | Lair:2   | Killed an eight-headed hydra
 18345 | Lair:2   | Reached skill level 14 in Stealth
 19704 | Lair:2   | Learned a level 4 spell: Iskenderun's Mystic Blast
 19865 | Lair:3   | Noticed Gastronok
 20204 | Lair:4   | Noticed Nergalle
 20211 | Lair:4   | Killed Nergalle
 20211 | Lair:4   | Reached skill level 5 in Dodging
 20285 | Lair:4   | Reached **** piety under Ashenzari
 20297 | Lair:4   | Reached skill level 5 in Conjurations
 20305 | Lair:4   | Gained mutation: Your thick and shaggy fur keeps you warm. (AC +3, rC+) [Felid growth]
 20305 | Lair:4   | Reached XP level 12. HP: 20/50 MP: 21/25
 20317 | Lair:4   | Slain by a blink frog

Skill      XL: |  1  2  3  4  5  6  7  8  9 10 11 |
---------------+----------------------------------+-----
Stealth        | 5 6 7 8 10 11 13 14 | 14.0
Dodging        | 3 5 |  5.2
Unarmed Combat | 2 3 4 10 9 11 12 | 12.6
Hexes          | 5 7 8 |  8.5
Ice Magic      | 1 |  1.9
Spellcasting   | 3 4 5 7 8 |  8.3
Fighting       | 1 3 4 |  4.4
Conjurations   | 1 3 5 |  5.0

Action                   |  1- 3 |  4- 6 |  7- 9 | 10-12 || total
-------------------------+-------+-------+-------+-------++-------
Melee: Unarmed           |   103 |   135 |   287 |   156 ||   681
       Bite              |     2 |     6 |    19 |     8 ||    35
       Punch             |       |       |     8 |     4 ||    12
 Cast: Ensorcelled Hiber |    16 |    54 |   118 |   138 ||   326
       Confuse           |     1 |     2 |    27 |    13 ||    43
       Corona            |     1 |       |       |       ||     1
       Tukima's Dance    |       |       |     1 |     2 ||     3
       Repel Missiles    |       |       |       |     3 ||     3
       Fulminant Prism   |       |       |       |     1 ||     1
Invok: Curse Item        |       |       |       |     1 ||     1
  Use: Potion            |       |       |     7 |       ||     7
 Stab: Sleeping          |    20 |    39 |    95 |    80 ||   234
       Distracted        |     1 |     1 |     1 |       ||     3
       Confused          |       |     1 |    16 |     9 ||    26
  Eat: Chunk             |    11 |     9 |    31 |    14 ||    65
Armor: Skin              |     8 |     7 |    19 |     8 ||    42
Dodge: Dodged            |    83 |   103 |   242 |   124 ||   552
       Deflected         |       |       |     1 |     3 ||     4
